 Dungeon Crawl Stone Soup version 0.24.1-14-gf8d2b509d9 (webtiles) character file.

Game seed: 5281076462798757948, levelgen mode: deterministic

604 Curus the Chopper (level 7, -1/57 HPs)
             Began as a Red Draconian Berserker on May 31, 2020.
             Was a Priest of Trog.
             Slain by Menkaure (5 damage)
             ... on level 5 of the Dungeon.
             The game lasted 00:16:31 (3680 turns).

Curus the Chopper (Red Draconian Berserker)         Turns: 3680, Time: 00:16:32

Health: -1/57      AC:  6    Str: 18 (19) XL:     7   Next: 18%
Magic:  7/7        EV: 13    Int: 11 (12) God:    Trog [***...]
Gold:   162        SH:  0    Dex: 13      Spells: 6/6 levels left

rFire    + + .     SeeInvis .   m - +4 whip of Uskayaw's Reproof {drain, Fragile rF+ Int+5}
rCold    . . .     Gourm    .   (no shield)
rNeg     . . .     Faith    .   (armour unavailable)
rPois    .         Spirit   .   (helmet restricted)
rElec    .         Reflect  .   (no cloak)
rCorr    .         Harm     .   (no gloves)
MR       .....                  (no boots)
Stlth    +.........             (no amulet)
HPRegen  0.19/turn              (no ring)
MPRegen  0.10/turn              (no ring)

@: berserk cooldown, slowed, very slow
A: breathe fire, unfitting armour, beak, deterioration 1, fire resistance 1,
screaming 2, cold-blooded, AC +6
a: Breathe Fire, Berserk, Trog's Hand, Renounce Religion


You were on level 5 of the Dungeon.
You worshipped Trog.
Trog was most pleased with you.
You were hungry.

You visited 1 branch of the dungeon, and saw 5 of its levels.

You collected 162 gold pieces.

Inventory:

Hand Weapons
 a - a +0 hand axe
 m - the +4 whip of Uskayaw's Reproof (weapon) {drain, Fragile rF+ Int+5}
   (You found it on level 4 of the Dungeon)

   A truly terrible weapon, it drains the life of those it strikes.
   It affects your intelligence (+5).
   It protects you from fire.
   It will be destroyed if unequipped.
Jewellery
 c - an uncursed ring of ice
Wands
 i - a wand of scattershot (4)
Scrolls
 d - 2 scrolls of teleportation
 e - 5 scrolls of identify
 f - a scroll of enchant armour
 g - a scroll of remove curse
 k - 2 scrolls of noise
Potions
 h - a potion of heal wounds
 j - a potion of invisibility
Comestibles
 b - 8 rations
 l - a chunk of flesh


   Skills:
 - Level 3.2 Fighting
 - Level 7.7(8.0) Axes
 + Level 2.8(5.7) Maces & Flails
 - Level 2.6 Dodging


You had 6 spell levels left.
You didn't know any spells.
Your spell library was empty.

Dungeon Overview and Level Annotations

Branches:
Dungeon (5/15)
 Temple: D:4-7

Altars:
Okawaru
Qazlal
Ru
The Shining One

Annotations:
D:5 Menkaure


Innate Abilities, Weirdness & Mutations

You can breathe blasts of fire.
Your fiery red scales are hard. (AC +6)
You cannot fit into any form of body armour.
Your flesh is heat resistant. (rF+)
You are cold-blooded and may be slowed by cold attacks.
You have a beak for a mouth.
Your body sometimes deteriorates upon taking damage.
You sometimes yell uncontrollably at your foes.


Message History

The bullfrog skeleton closely misses you.
The frilled lizard barely misses you.
Menkaure's ankle releases a plume of dust as he confides, "I'm not really a mummy, you know."
You whack the bullfrog skeleton!
You destroy the bullfrog skeleton!
Trog accepts your kill.
You barely miss the frilled lizard. The frilled lizard closely misses you.
You whack the frilled lizard!
You kill the frilled lizard!
Trog accepts your kill.
You are no longer berserk.
You are exhausted.
You feel yourself slow down.
You whack Menkaure!
Menkaure is moderately damaged.
The jackal skeleton bites you but does no damage.
You hit Menkaure. You peck Menkaure, but do no damage.
Menkaure is moderately damaged.
The jackal skeleton closely misses you. Menkaure hits you.
You die...

.#...............##
.. ...#.......(.?...#
....#.##......(....##
.#.##.<.......(...##
...........(...#).#
...............##.#
.........(..........
P.....Z).#....###....
P.....†@##....# ...
P...#..M.#.....# #
?....##O....#....
P.... ............
P(.. ......####.. P..
...##### P.. ...#
....#


You could see an ogre, Menkaure and a jackal skeleton.

Vanquished Creatures
  2 ogres (D:4)
  A centaur (D:5)
  2 orc priests
  2 bullfrog skeletons (D:5)
  A worker ant (D:5)
  2 orc wizards
  Robin (D:2)
  3 gnolls (D:4)
  2 adders
  2 worms
  3 dart slugs
  A leopard gecko (D:3)
  10 orcs
  4 bats
  5 giant cockroaches
  13 goblins
  17 hobgoblins
  2 jackals (D:1)
  A quokka (D:2)
  A ball python (D:1)
  17 frilled lizards
  6 kobolds
  5 rats
103 creatures vanquished.

Notes
Turn   | Place    | Note
-------+----------+-------------------------------------------
     0 | D:1      | Curus the Draconian Berserker began the quest for the Orb.
     0 | D:1      | Reached XP level 1. HP: 19/19 MP: 1/1
   302 | D:1      | Reached XP level 2. HP: 19/26 MP: 2/2
   569 | D:1      | Reached skill level 4 in Axes
   721 | D:1      | Reached XP level 3. HP: 22/31 MP: 3/3
  1051 | D:2      | Reached ** piety under Trog
  1067 | D:2      | Noticed Robin
  1084 | D:2      | Killed Robin
  1411 | D:2      | Reached XP level 4. HP: 38/38 MP: 4/4
  1477 | D:2      | Reached skill level 5 in Axes
  2247 | D:3      | Reached *** piety under Trog
  2247 | D:3      | Reached XP level 5. HP: 30/45 MP: 5/5
  2398 | D:3      | Found an iron altar of Okawaru.
  2408 | D:3      | Found a stormy altar of Qazlal.
  2412 | D:3      | Gained mutation: You occasionally shout uncontrollably at
                  | your foes. [potion of mutation]
  2412 | D:3      | Gained mutation: You sometimes yell uncontrollably at your
                  | foes. [potion of mutation]
  2412 | D:3      | Gained mutation: Your body sometimes deteriorates upon
                  | taking damage. [potion of mutation]
  2412 | D:3      | Gained mutation: You have a beak for a mouth. [potion of
                  | mutation]
  2430 | D:3      | Found a sacrificial altar of Ru.
  2442 | D:3      | Reached skill level 6 in Axes
  2457 | D:3      | Found a glowing golden altar of the Shining One.
  2758 | D:4      | Noticed an ogre
  2768 | D:4      | Killed an ogre
  2828 | D:4      | Reached XP level 6. HP: 37/51 MP: 6/6
  2830 | D:4      | Reached skill level 7 in Axes
  3508 | D:4      | Got a fine whip
  3640 | D:4      | Identified the +4 whip of Uskayaw's Reproof {drain, Fragile
                  | rF+ Int+5} (You found it on level 4 of the Dungeon)
  3643 | D:5      | Entered Level 5 of the Dungeon
  3648 | D:5      | Reached skill level 1 in Maces & Flails
  3668 | D:5      | Your scales start taking on a fiery red colour.
  3668 | D:5      | Reached XP level 7. HP: 4/57 MP: 7/7
  3668 | D:5      | Gained mutation: Your flesh is heat resistant. (rF+) [Red
                  | Draconian growth]
  3671 | D:5      | Noticed Menkaure
  3680 | D:5      | Slain by Menkaure

Levels and vault maps discovered:
D:1:      dpeg_arrival_tiny_k, layout_loops_ring, minivault_14,
          minmay_lizard_pond
D:2:      layout_basic, uniq_robin
D:3:      layout_basic, nicolae_overflow_quartered_altars, minmay_door_square
D:4:      layout_basic, first_ration, sigmund_army
D:5:      corexii_shantytown, layout_cave_pools, lemuel_round_altar,
          portal_sewer_entry_a, serial_shops, nicolae_shop_trees,
          kennysheep_nub, minmay_hedge_maze, uniq_blork_the_orc, uniq_menkaure

Skill      XL: |  1  2  3  4  5  6 |
---------------+-------------------+-----
Axes           | 4 5 6 7 |  7.7
Maces & Flails | 2 |  2.8
Fighting       | |  3.2
Dodging        | |  2.6

Action                   |  1- 3 |  4- 6 |  7- 9 || total
-------------------------+-------+-------+-------++-------
Melee: Hand axe          |   133 |   127 |       ||   260
       Tailslap          |    13 |    27 |       ||    40
       Peck              |       |    15 |     4 ||    19
       Whip              |       |     8 |    10 ||    18
Invok: Berserk           |     2 |     4 |       ||     6
  Use: Potion            |     3 |     3 |       ||     6
       Scroll            |     3 |     5 |       ||     8
  Eat: Chunk             |     4 |    10 |       ||    14
Armor: Skin              |    38 |    19 |     1 ||    58
Dodge: Dodged            |    86 |    93 |     6 ||   185
